 Dungeon Crawl Stone Soup version 0.29.1-4-g47bece8355 (webtiles) character file.

Game seed: 5620547751121947434

676 H0rd4k the Insei (level 7, -4/47 HPs)
             Began as an Octopode Artificer on Dec 5, 2022.
             Slain by a shadow imp (6 damage)
             ... on level 5 of the Dungeon.
             The game lasted 00:06:00 (6167 turns).

H0rd4k the Insei (Octopode Artificer)               Turns: 6167, Time: 00:06:01

Health: -4/47      AC: -11   Str: 17    XL:     7   Next: 59%
Magic:  12/12      EV: 13    Int: 15    God:
Gold:   318        SH:  0    Dex: 13    Spells: 6/13 levels left

rFire   . . .      SeeInvis .     - Unarmed
rCold   . . .      Faith    .   (no shield)
rNeg    . . .      Spirit   .   (helmet restricted)
rPois   .          Reflect  .   C - amulet of magic regeneration
rElec   .          Harm     .   u - +6 ring of strength
rCorr   .          Rampage  .   (no ring)
Will    .....                   (no ring)
Stlth   +++.......              (no ring)
HPRegen 0.15/turn               (no ring)
MPRegen 0.53/turn               (no ring)
                                (no ring)
                                (no ring)

@: corroded
A: almost no armour, amphibious, 8 rings, camouflage 1, gelatinous body 1,
(nimble swimmer 1), tentacles
a: no special abilities


You were on level 5 of the Dungeon.
You visited 1 branch of the dungeon, and saw 5 of its levels.

You collected 318 gold pieces.

Inventory:

Missiles
 a - 2 throwing nets
 v - 3 poisoned darts
Jewellery
 u - a +6 ring of strength (left tentacle)
 z - an amulet of the acrobat
 C - an amulet of magic regeneration (around mantle)
Wands
 c - a wand of charming (13)
 d - a wand of polymorph (6)
Scrolls
 b - a scroll of amnesia {unknown}
 h - 2 scrolls of teleportation {unknown}
 l - 4 scrolls of vulnerability {unknown}
 m - a scroll of fear {unknown}
 p - 6 scrolls of identify {unknown}
 r - a scroll of butterflies {unknown}
 t - 4 scrolls of magic mapping {unknown}
 w - a scroll of noise {unknown}
 y - a scroll of torment {unknown}
 A - a scroll of blinking {unknown}
 E - a scroll of summoning {unknown}
 G - a scroll of enchant weapon {unknown}
Potions
 e - a potion of flight {unknown}
 f - 3 potions of mutation {unknown}
 g - 5 potions of berserk rage {unknown}
 i - 2 potions of magic {unknown}
 j - a potion of heal wounds {unknown}
 k - 2 potions of haste {unknown}
 n - a potion of ambrosia {unknown}
 o - a potion of might {unknown}
 q - a potion of invisibility {unknown}
 s - 2 potions of attraction {unknown}
 x - 2 potions of degeneration {unknown}
 B - 2 potions of curing {unknown}
 D - a potion of lignification {unknown}
 F - a potion of brilliance {unknown}


   Skills:
 * Level 3.6 Fighting
 - Level 2.3 Dodging
 - Level 1.3 Stealth
 + Level 4.3 Unarmed Combat
 * Level 3.8 Spellcasting
 * Level 2.8 Summonings
 - Level 3.2 Evocations


You had 6 spell levels left.
You knew the following spells:

 Your Spells              Type           Power      Damage    Failure   Level
a - Summon Small Mammal   Summ           44%        N/A       6%          1
b - Call Canine Familiar  Summ           11%        N/A       17%         3
c - Summon Guardian Gole  Hex/Summ       7%         N/A       30%         3

Your spell library contained the following spells:

 Spells                   Type           Power      Damage    Failure   Level
 Gell's Gravitas          Tloc           2%         N/A       50%         3
 Lesser Beckoning         Tloc           2%         N/A       50%         3
 Portal Projectile        Hex/Tloc       4%         N/A       50%         3
 Teleport Other           Tloc           2%         N/A       50%         3
 Tukima's Dance           Hex            2%         N/A       50%         3
 Fulminant Prism          Conj/Hex       1%         3d6       88%         4
 Iskenderun's Mystic Bla  Conj/Tloc      2%         2d3       88%         4
 Blade Hands              Tmut           1%         N/A       99%         5
 Lee's Rapid Deconstruct  Erth           1%         3d5*      99%         5


Dungeon Overview and Level Annotations

Branches:
Dungeon (5/15)
 Temple: D:4-7

Altars:
Wu Jian

Shops:
D:2 (

Annotations:
D:3 1 runed translucent door, exclusions: door and 2 downstairs, Crazy Yiuf
D:4 exclusion: downstairs
D:5 exclusions: ice beast and water moccasin


Innate Abilities, Weirdness & Mutations

You cannot wear most types of armour.
You are amphibious.
You can wear up to eight rings at the same time.
Your skin changes colour to match your surroundings (Stealth+).
Your rubbery body absorbs attacks. (AC +1, EV +1)
((You are camouflaged when in or above water. (Stealth+)))
You have tentacles for arms and can constrict up to eight enemies at once.


Message History

Your bat hits the jelly.
Your bat is burned by acid!
Your bat dies!
Your bat's corpse disappears in a puff of smoke!
You tentacle-slap the jelly but do no damage.
Your tentacles burn!
The jelly is heavily wounded.
The jelly closely misses you.
You tentacle-slap the jelly. The acid corrodes you!
Your tentacles burn!
The jelly is severely wounded.
The jelly hits you.
You are splashed with acid!
* * * LOW HITPOINT WARNING * * *
Your quokka barely misses the jelly.
The jelly attacks as you move away! The jelly barely misses you.
Your quokka barely misses the jelly.
The jelly attacks as you move away! The jelly hits you.
* * * LOW HITPOINT WARNING * * *
The acid corrodes you!
You are splashed with acid!
* * * LOW HITPOINT WARNING * * *
Your quokka bites the jelly.
Your quokka is burned by acid!
Your quokka bites the jelly.
The acid corrodes your quokka!
Your quokka is burned by acid!
Aiming: Charm
Press: ? - help, Shift-Dir - straight line, f - jelly
Aim: a jelly (almost dead, ally target, chance to affect: 66%)
The jelly is charmed.
The shadow imp hits your jelly.
Your jelly dies!
Your quokka closely misses the gnoll.
Unknown command.
The gnoll closely misses your quokka.
Your quokka barely misses the gnoll.
Aiming: Charm
Press: ? - help, Shift-Dir - straight line, f - shadow imp
Aim: a shadow imp (lightly wounded, chance to affect: 66%)
The shadow imp struggles to resist.
Unknown command.
You closely miss the shadow imp. You grab the shadow imp.
The shadow imp is lightly wounded.
You constrict the shadow imp. The shadow imp hits you.
You die...

### ###
#.#####.#######################
#......................h.h.....
#.#####.#######################
#.##......# #......(### ######
####....#.. .....
######....#.############## #...
..........#.#...@.##.....# #...
######.##.#.#.###5####.#.#####...
#.##.#.#.###r####.#.#.......
#.##.#.#............'......#
######..#.#.#............#.....##
........#.#'#.###.####.#########
........#.....# #.# #.#
######..#.....# #.# #.#
#..#.....# #.# #.#


You could see a shadow imp (ally target) and a friendly quokka (summoned,
corroded).

Vanquished Creatures
  An ice beast (D:4)
  A scorpion (D:4)
  A howler monkey (D:4)
  A hound (D:5)
  A jelly (D:3)
  Natasha (thrice) (D:2)
  Ijyb (D:5)
  4 iguanas
  2 gnolls (D:5)
  9 adders
  An ufetubus (D:4)
  A dart slug (D:5)
  An orc (D:3)
  8 endoplasms
  2 giant cockroaches
  5 goblins
  11 hobgoblins
  3 jackals (D:4)
  7 kobolds
  4 quokkas
  5 ball pythons
  7 bats
  2 frilled lizards
  4 rats
85 creatures vanquished.

Vanquished Creatures (collateral kills)
  An adder (D:5)
  A worm (D:5)
  2 goblins (D:4)
4 creatures vanquished.

Vanquished Creatures (others)
  A jelly (D:5)
  A fungus (D:3)
2 creatures vanquished.

Grand Total: 91 creatures vanquished

Notes
Turn   | Place    | Note
-------+----------+-------------------------------------------
     0 | D:1      | H0rd4k the Octopode Artificer began the quest for the Orb.
     0 | D:1      | Reached XP level 1. HP: 13/13 MP: 1/1
   449 | D:1      | Reached XP level 2. HP: 18/18 MP: 1/3
   503 | D:1      | Reached skill level 1 in Spellcasting
  1183 | D:1      | Reached XP level 3. HP: 24/24 MP: 3/5
  1390 | D:2      | Reached skill level 1 in Unarmed Combat
  1783 | D:2      | Reached XP level 4. HP: 20/30 MP: 6/6
  1941 | D:2      | Found a faded altar of an unknown god.
  1988 | D:2      | Noticed Natasha
  1994 | D:2      | Killed Natasha
  1995 | D:2      | Reached skill level 2 in Unarmed Combat
  2186 | D:2      | Found Horykyfa's Weapon Emporium.
  2193 | D:2      | Noticed Natasha
  2198 | D:2      | Killed Natasha
  2199 | D:2      | Reached XP level 5. HP: 35/35 MP: 8/8
  2376 | D:2      | Noticed Natasha
  2384 | D:2      | Killed Natasha
  3113 | D:3      | Learned a level 1 spell: Summon Small Mammal
  3117 | D:3      | Learned a level 3 spell: Call Canine Familiar
  3327 | D:3      | Reached skill level 3 in Unarmed Combat
  3656 | D:3      | Found a runed translucent door.
  3657 | D:3      | Noticed Crazy Yiuf
  3859 | D:4      | Reached XP level 6. HP: 42/42 MP: 6/9
  4260 | D:4      | Noticed an ice beast
  4261 | D:4      | Reached skill level 1 in Summonings
  4638 | D:4      | Killed an ice beast
  4840 | D:4      | Reached skill level 4 in Unarmed Combat
  4840 | D:4      | Reached XP level 7. HP: 35/46 MP: 7/11
  4963 | D:4      | Found an ornate altar of the Wu Jian Council.
  5190 | D:5      | Entered Level 5 of the Dungeon
  5409 | D:5      | Learned a level 3 spell: Summon Guardian Golem
  5674 | D:5      | Noticed Ijyb
  5679 | D:5      | Killed Ijyb
  6162 | D:5      | HP: 1/46 [acid (7)]
  6167 | D:5      | Slain by a shadow imp

Illustrated notes

Levels and vault maps discovered:
D:1:      scummos_arrival_forest, layout_loops_ring, serial_aquarium,
          aquarium_bridge_straight [aquarium_subvault_bridge,
          aquarium_subvault_window, aquarium_subvault_bridge,
          aquarium_subvault_balcony], aquarium_window_fake, aquarium_window_2,
          aquarium_window_1, aquarium_view_2f, aquarium_balcony_1a
D:2:      layout_basic, serial_shops, nicolae_shop_behind_doors,
          ebering_ecumenical_altar_abandoned, dk_noncrumbling_2, uniq_natasha
D:3:      layout_basic, uniq_crazy_yiuf_cottage
D:4:      layout_loops_ring, nzn_wu_jian_council_hall
D:5:      layout_basic, chequers_serial_rivers_small_a, uniq_ijyb, uniq_menkaure

Skill      XL: |  1  2  3  4  5  6  7 |
---------------+----------------------+-----
Spellcasting   | 1 2 3 |  3.8
Fighting       | 2 3 |  3.6
Unarmed Combat | 1 2 3 4 |  4.3
Summonings     | 1 2 |  2.8
Dodging        | |  2.3
Stealth        | |  1.3
Evocations     | |  3.2

Action                   |  1- 3 |  4- 6 |  7- 9 || total
-------------------------+-------+-------+-------++-------
Melee: Unarmed           |    90 |    99 |    36 ||   225
       Tentacles         |    18 |    21 |    11 ||    50
       Constrict         |    23 |    25 |    14 ||    62
       Punch             |     1 |     1 |     2 ||     4
 Cast: Summon Small Mamm |       |    13 |    40 ||    53
Evoke: Wand              |       |    18 |     4 ||    22
 Stab: Sleeping          |     7 |     5 |     4 ||    16
       Distracted        |       |       |     1 ||     1
Armor: Skin              |     6 |     9 |     2 ||    17
Dodge: Dodged            |    64 |    60 |    23 ||   147
